Dernière mise à jour: 2025-12-07 16:11:59
% Time on Ice - SACRAMENTO BANDITS
Lines # - Real PCT - Wanted PCT - Time Play
Normal Forward
1 - 32% - 36% - 16:38
2 - 32% - 31% - 16:23
3 - 25% - 23% - 12:51
4 - 11% - 10% - 5:43
Normal Defense
1 - 35% - 36% - 18:17
2 - 34% - 31% - 17:29
3 - 24% - 23% - 12:37
4 - 6% - 10% - 3:12
PP Forward
1 - 57% - 55% - 3:39
2 - 43% - 45% - 2:47
PP Defense
1 - 42% - 55% - 2:41
2 - 58% - 45% - 3:45
PK Forward
1 - 62% - 55% - 1:14
2 - 38% - 45% - 0:45
PK Defense
1 - 44% - 55% - 0:52
2 - 56% - 45% - 1:07
PK3 Forward
1 - 0% - 55%
2 - 0% - 45%
PK3 Defense
1 - 0% - 55%
2 - 0% - 45%
44 Forward
1 - 0% - 55%
2 - 0% - 45%
44 Defense
1 - 0% - 55%
2 - 0% - 45%
Last Minute Offensive  - 0:00
Last Minute Defensive  - 0:00
Total
Forward - 60:00
Defense - 60:00
% Time on Ice - VANCOUVER VOODOO
Lines # - Real PCT - Wanted PCT - Time Play
Normal Forward
1 - 33% - 33% - 17:07
2 - 33% - 33% - 17:14
3 - 22% - 22% - 11:30
4 - 11% - 12% - 5:44
Normal Defense
1 - 35% - 36% - 18:11
2 - 33% - 34% - 17:13
3 - 31% - 30% - 15:47
4 - 1% - 0% - 0:24
PP Forward
1 - 40% - 53% - 0:48
2 - 60% - 47% - 1:11
PP Defense
1 - 42% - 53% - 0:50
2 - 58% - 47% - 1:09
PK Forward
1 - 60% - 60% - 3:50
2 - 40% - 40% - 2:36
PK Defense
1 - 47% - 53% - 3:03
2 - 53% - 47% - 3:23
PK3 Forward
1 - 0% - 55%
2 - 0% - 45%
PK3 Defense
1 - 0% - 52%
2 - 0% - 48%
44 Forward
1 - 0% - 51%
2 - 0% - 49%
44 Defense
1 - 0% - 52%
2 - 0% - 48%
Last Minute Offensive  - 0:00
Last Minute Defensive  - 0:00
Total
Forward - 60:00
Defense - 60:00
Play-by-Play 1st period 0:01 of 1st period - Evgeny Kuznetsov wins face-off versus Sean Couturier in neutral zone. 0:25 of 1st period - Shot by Jonathan Huberdeau. 0:25 of 1st period - Stopped by Samuel Montembeault without a rebound. 0:26 of 1st period - Anthony Beauvillier wins face-off versus Joshua Norris in VANCOUVER VOODOO zone. 0:28 of 1st period - Corey Perry is hit by Nicolas Hague and loses puck. 0:32 of 1st period - Corey Perry is hit by Nicolas Hague and loses puck. 0:46 of 1st period - Max Pacioretty is hit by Nicolas Hague and loses puck. 0:51 of 1st period - Shot by Corey Perry. 0:51 of 1st period - Goal by Corey Perry - SACRAMENTO BANDITS : 1 - VANCOUVER VOODOO : 0. 0:52 of 1st period - Nick Bonino wins face-off versus Adam Gaudette in neutral zone. 1:14 of 1st period - Shot by Joel Armia. 1:14 of 1st period - Stopped by Daniel Vladar with a rebound. 1:22 of 1st period - Shot by Joel Armia. 1:22 of 1st period - Stopped by Daniel Vladar without a rebound. 1:23 of 1st period - Barclay Goodrow wins face-off versus Dillon Dube in SACRAMENTO BANDITS zone. 1:24 of 1st period - Shot by Rafael Harvey-Pinard. 1:24 of 1st period - Stopped by Daniel Vladar with a rebound. 1:44 of 1st period - Chris Tanev is hit by Dillon Dube. 1:53 of 1st period - Icing by Aaron Ekblad. 1:54 of 1st period - Sean Couturier wins face-off versus Dillon Dube in SACRAMENTO BANDITS zone. 1:55 of 1st period - Shot by Jonathan Drouin. 1:55 of 1st period - Stopped by Daniel Vladar with a rebound. 2:38 of 1st period - Shot by Sean Couturier. 2:38 of 1st period - Stopped by Daniel Vladar with a rebound. 3:02 of 1st period - Shot by Joshua Norris. 3:02 of 1st period - Stopped by Daniel Vladar without a rebound. 3:03 of 1st period - Nick Bonino wins face-off versus Anthony Beauvillier in SACRAMENTO BANDITS zone. 3:21 of 1st period - Off-side. 3:22 of 1st period - Joshua Norris wins face-off versus Josh Anderson in neutral zone. 3:32 of 1st period - Icing by Aaron Ekblad. 3:33 of 1st period - Adam Gaudette wins face-off versus Joshua Norris in SACRAMENTO BANDITS zone. 4:04 of 1st period - Shot by Jakob Silfverberg. 4:04 of 1st period - Stopped by Samuel Montembeault with a rebound. 4:14 of 1st period - Shot by Josh Anderson. 4:14 of 1st period - Shot Misses the Net. 4:40 of 1st period - Shot by Jonathan Drouin. 4:40 of 1st period - Shot Blocked by Zach Bogosian. 4:42 of 1st period - Shot by Jonathan Drouin. 4:42 of 1st period - Deflect By Patrick Kane. 4:42 of 1st period - Shot Misses the Net. 4:56 of 1st period - Shot by Sean Couturier. 4:56 of 1st period - Stopped by Daniel Vladar without a rebound. 4:57 of 1st period - Nick Bonino wins face-off versus Blake Wheeler in SACRAMENTO BANDITS zone. 5:08 of 1st period - Shot by Joel Armia. 5:08 of 1st period - Shot Misses the Net. 5:10 of 1st period - Shot by Braden Schneider. 5:10 of 1st period - Shot Misses the Net. 5:32 of 1st period - Shot by Nick Bonino. 5:32 of 1st period - Shot Misses the Net. 5:49 of 1st period - Icing by Joel Armia. 5:50 of 1st period - Anthony Beauvillier wins face-off versus Nick Bonino in VANCOUVER VOODOO zone. 5:51 of 1st period - Shot by Max Pacioretty. 5:51 of 1st period - Stopped by Samuel Montembeault without a rebound. 5:52 of 1st period - Anthony Beauvillier wins face-off versus Sean Couturier in VANCOUVER VOODOO zone. 6:55 of 1st period - Shot by Josh Anderson. 6:55 of 1st period - Shot Blocked by Damon Severson. 7:00 of 1st period - Off-side. 7:01 of 1st period - Evgeny Kuznetsov wins face-off versus Barclay Goodrow in neutral zone. 7:24 of 1st period - Shot by Nicolas Hague. 7:24 of 1st period - Shot Misses the Net. 7:26 of 1st period - Shot by Braden Schneider. 7:26 of 1st period - Stopped by Daniel Vladar without a rebound. 7:27 of 1st period - Adam Gaudette wins face-off versus Joshua Norris in SACRAMENTO BANDITS zone. 7:39 of 1st period - Shot by Brock Boeser. 7:39 of 1st period - Stopped by Daniel Vladar with a rebound. 7:59 of 1st period - Off-side. 8:00 of 1st period - Sean Couturier wins face-off versus Evgeny Kuznetsov in neutral zone. 8:07 of 1st period - Shot by Jonathan Drouin. 8:07 of 1st period - Stopped by Daniel Vladar with a rebound. 8:32 of 1st period - Shot by Blake Wheeler. 8:32 of 1st period - Shot Misses the Net. 8:34 of 1st period - Shot by Evgeny Kuznetsov. 8:34 of 1st period - Deflect By Jonathan Huberdeau. 8:34 of 1st period - Shot Blocked by Braden Schneider. 8:36 of 1st period - Shot by Janis Moser. 8:36 of 1st period - Stopped by Samuel Montembeault without a rebound. 8:37 of 1st period - Anthony Beauvillier wins face-off versus Joshua Norris in VANCOUVER VOODOO zone. 9:35 of 1st period - Chris Tanev is hit by Corey Perry and loses puck. 10:00 of 1st period - Shot by Damon Severson. 10:00 of 1st period - Stopped by Daniel Vladar with a rebound. 10:02 of 1st period - Shot by Damon Severson. 10:02 of 1st period - Shot Blocked by Joel Edmundson. 10:04 of 1st period - Shot by Damon Severson. 10:04 of 1st period - Stopped by Daniel Vladar without a rebound. 10:05 of 1st period - Barclay Goodrow wins face-off versus Evgeny Kuznetsov in SACRAMENTO BANDITS zone. 10:12 of 1st period - Shot by Rafael Harvey-Pinard. 10:12 of 1st period - Shot Blocked by Janis Moser. 10:14 of 1st period - Shot by Braden Schneider. 10:14 of 1st period - Shot Misses the Net. 10:16 of 1st period - Shot by Nicolas Hague. 10:16 of 1st period - Shot Misses the Net. 10:18 of 1st period - Shot by Nicolas Hague. 10:18 of 1st period - Shot Misses the Net. 10:22 of 1st period - Shot by Nils Hoglander. 10:22 of 1st period - Deflect By Rafael Harvey-Pinard. 10:22 of 1st period - Stopped by Daniel Vladar without a rebound. 10:23 of 1st period - Sean Couturier wins face-off versus Dillon Dube in SACRAMENTO BANDITS zone. 10:23 of 1st period - Sean Couturier is hit by Zach Bogosian. 10:26 of 1st period - Patrick Kane is hit by Zach Bogosian and loses puck. 10:51 of 1st period - Shot by Dominik Kubalik. 10:51 of 1st period - Stopped by Samuel Montembeault without a rebound. 10:52 of 1st period - Brock Boeser wins face-off versus Evgeny Kuznetsov in VANCOUVER VOODOO zone. 11:31 of 1st period - Shot by Joshua Norris. 11:31 of 1st period - Shot Misses the Net. 12:09 of 1st period - Shot by Jakob Silfverberg. 12:09 of 1st period - Shot Misses the Net. 12:23 of 1st period - Shot by Josh Anderson. 12:23 of 1st period - Stopped by Samuel Montembeault without a rebound. 12:24 of 1st period - Sean Couturier wins face-off versus Anthony Beauvillier in VANCOUVER VOODOO zone. 12:53 of 1st period - Shot by Sean Couturier. 12:53 of 1st period - Stopped by Daniel Vladar with a rebound. 12:55 of 1st period - Shot by Patrick Kane. 12:55 of 1st period - Shot Blocked by Joel Edmundson. 12:59 of 1st period - Shot by Patrick Kane. 12:59 of 1st period - Shot Misses the Net. 13:01 of 1st period - Shot by Jordan Harris. 13:01 of 1st period - Shot Misses the Net. 13:03 of 1st period - Shot by Sean Couturier. 13:03 of 1st period - Stopped by Daniel Vladar without a rebound. 13:04 of 1st period - Nick Bonino wins face-off versus Dillon Dube in SACRAMENTO BANDITS zone. 13:09 of 1st period - Shot by Evander Kane. 13:09 of 1st period - Shot Misses the Net. 13:45 of 1st period - Aaron Ekblad is hit by Evander Kane. 13:48 of 1st period - Off-side. 13:49 of 1st period - Barclay Goodrow wins face-off versus Evgeny Kuznetsov in neutral zone. 13:54 of 1st period - Shot by Barclay Goodrow. 13:54 of 1st period - Deflect By Nils Hoglander. 13:54 of 1st period - Shot Misses the Net. 14:09 of 1st period - Icing by Zach Bogosian. 14:10 of 1st period - Patrick Kane wins face-off versus Evgeny Kuznetsov in SACRAMENTO BANDITS zone. 14:33 of 1st period - Shot by Jonathan Huberdeau. 14:33 of 1st period - Shot Blocked by Chris Tanev. 14:57 of 1st period - Icing by Zach Bogosian. 14:58 of 1st period - Evgeny Kuznetsov wins face-off versus Barclay Goodrow in SACRAMENTO BANDITS zone. 15:09 of 1st period - Jonathan Huberdeau is hit by Nils Hoglander and loses puck. 15:27 of 1st period - Evgeny Kuznetsov is hit by Barclay Goodrow and loses puck. 15:49 of 1st period - Shot by Evander Kane. 15:49 of 1st period - Stopped by Daniel Vladar without a rebound. 15:50 of 1st period - Joshua Norris wins face-off versus Corey Perry in SACRAMENTO BANDITS zone. 16:15 of 1st period - Shot by Alex Newhook. 16:15 of 1st period - Shot Blocked by Janis Moser. 18:39 of 1st period - Shot by Alex Newhook. 18:39 of 1st period - Shot Misses the Net. 18:49 of 1st period - Shot by Josh Anderson. 18:49 of 1st period - Shot Blocked by Braden Schneider. 18:51 of 1st period - Shot by Jakob Silfverberg. 18:51 of 1st period - Shot Misses the Net. 19:13 of 1st period - Shot by Jakob Silfverberg. 19:13 of 1st period - Deflect By Josh Anderson. 19:13 of 1st period - Shot Misses the Net. Goals for this period are 1 for SACRAMENTO BANDITS vs 0 for VANCOUVER VOODOO. Shots for this period are 7 for SACRAMENTO BANDITS vs 16 for VANCOUVER VOODOO. 2nd period 0:01 of 2nd period - Evgeny Kuznetsov wins face-off versus Sean Couturier in neutral zone. 0:14 of 2nd period - Shot by Sean Couturier. 0:14 of 2nd period - Stopped by Daniel Vladar with a rebound. 0:21 of 2nd period - Sean Couturier is hit by Aaron Ekblad and loses puck. 0:35 of 2nd period - Sean Couturier is hit by Janis Moser and loses puck. 0:55 of 2nd period - Off-side. 0:56 of 2nd period - Nick Bonino wins face-off versus Josh Anderson in neutral zone. 0:59 of 2nd period - Jakob Silfverberg is hit by Evander Kane and loses puck. 1:05 of 2nd period - Icing by Zach Bogosian. 1:06 of 2nd period - Adam Gaudette wins face-off versus Brock Boeser in SACRAMENTO BANDITS zone. 1:15 of 2nd period - Shot by Jakob Silfverberg. 1:15 of 2nd period - Stopped by Samuel Montembeault without a rebound. 1:16 of 2nd period - Anthony Beauvillier wins face-off versus Nick Bonino in VANCOUVER VOODOO zone. 1:38 of 2nd period - Icing by Joel Edmundson. 1:39 of 2nd period - Sean Couturier wins face-off versus Anthony Beauvillier in SACRAMENTO BANDITS zone. 2:05 of 2nd period - Icing by Patrick Kane. 2:06 of 2nd period - Sean Couturier wins face-off versus Adam Gaudette in VANCOUVER VOODOO zone. 2:24 of 2nd period - Shot by Jonathan Drouin. 2:24 of 2nd period - Stopped by Daniel Vladar without a rebound. 2:25 of 2nd period - Alex Newhook wins face-off versus Evgeny Kuznetsov in SACRAMENTO BANDITS zone. 2:30 of 2nd period - Shot by Joshua Norris. 2:30 of 2nd period - Deflect By Brock Boeser. 2:30 of 2nd period - Stopped by Daniel Vladar without a rebound. 2:31 of 2nd period - Evgeny Kuznetsov wins face-off versus Joshua Norris in SACRAMENTO BANDITS zone. 3:25 of 2nd period - Brock Boeser is hit by Josh Anderson and loses puck. 4:15 of 2nd period - Double Minor Penalty to Evander Kane for Roughing. 4:16 of 2nd period - Nick Bonino wins face-off versus Anthony Beauvillier in VANCOUVER VOODOO zone. 4:21 of 2nd period - Shot by Barclay Goodrow. 4:21 of 2nd period - Stopped by Daniel Vladar with a rebound. 4:38 of 2nd period - Shot by Anthony Beauvillier. 4:38 of 2nd period - Shot Misses the Net. 4:42 of 2nd period - Shot by Max Pacioretty. 4:42 of 2nd period - Shot Misses the Net. 4:44 of 2nd period -